[ AOE2 MATCH · #482227840 ]
1v1 RMMongols vs Vikings
Player's team · WIN
Rival team · LOSS
[ REPLAY ANALYSIS · EXTRACTED FROM THE RECORDED GAME ]
Feudal
9:54
Castle
15:22
Imperial
48:43
| APM avg | 32.5 |
| APM peak | 77 |
| eAPM avg | 14.4 |
| Villagers / military | 89 / 140 |
Focus
⚔️ 22.6% · 🌾 77.4%
Steppe Lancer ×132 · Battering Ram ×5 · Trebuchet (Packed) ×3
Feudal
10:12
Castle
20:43
Imperial
38:15
| APM avg | 24.3 |
| APM peak | 85 |
| eAPM avg | 17.1 |
| Villagers / military | 155 / 154 |
Focus
⚔️ 32.3% · 🌾 67.7%
Spearman ×70 · Archer ×50 · Berserk ×23 · Trebuchet (Packed) ×8 · Skirmisher ×2 · Monk ×1
Match map
Initial resources + every placement click. Lines = walls · curves = elevation contours. ◆ gold · ⬟ stone · ● berries · ✦ relic · ◌ wall gap
Your base· Open — unwalled flank
santa7785's base· Open — 1t gap
Smoothed initial terrain · ◌ = detected wall gap · hover for details
Inputs per minute
— Shaci - - santa7785
Build order — Shaci
First 150 of 301 actions detected
| 0:01 | Create | Villager (Male) |
| 0:01 | Create | Villager (Male) |
| 0:02 | Build | House |
| 0:04 | Build | House |
| 0:11 | Create | Villager (Male) |
| 0:11 | Create | Villager (Male) |
| 1:25 | Create | Villager (Male) |
| 2:03 | Create | Villager (Male) |
| 2:16 | Create | Villager (Male) |
| 2:41 | Create | Villager (Male) |
| 2:59 | Create | Villager (Male) |
| 3:21 | Build | House |
| 3:26 | Build | Mill |
| 3:43 | Create | Villager (Male) |
| 3:43 | Create | Villager (Male) |
| 4:18 | Create | Villager (Male) |
| 4:36 | Build | Lumber Camp |
| 4:47 | Create | Villager (Male) |
| 5:13 | Create | Villager (Male) |
| 5:23 | Create | Villager (Male) |
| 5:24 | Create | Villager (Male) |
| 5:38 | Build | House |
| 5:45 | Create | Villager (Male) |
| 5:45 | Create | Villager (Male) |
| 6:10 | Create | Villager (Male) |
| 6:11 | Create | Villager (Male) |
| 6:48 | Research | Loom |
| 7:07 | Build | Mining Camp |
| 7:44 | Research | Feudal Age |
| 8:36 | Build | Mill |
| 9:29 | Build | Barracks |
| 9:38 | Build | Barracks |
| 9:51 | Build | Palisade Wall |
| 9:54 | Age | Feudal Age |
| 10:11 | Create | Villager (Male) |
| 10:11 | Create | Villager (Male) |
| 10:53 | Build | Stable |
| 12:15 | Build | Blacksmith |
| 12:42 | Research | Castle Age |
| 12:55 | Build | Farm |
| 13:01 | Build | Farm |
| 14:04 | Build | Farm |
| 14:09 | Build | Farm |
| 14:32 | Build | Farm |
| 14:32 | Build | Farm |
| 15:08 | Build | House |
| 15:22 | Age | Castle Age |
| 15:27 | Create | Steppe Lancer |
| 15:29 | Create | Steppe Lancer |
| 16:01 | Create | Steppe Lancer |
| 16:19 | Build | House |
| 16:23 | Create | Steppe Lancer |
| 16:27 | Research | Forging |
| 18:02 | Build | Farm |
| 18:03 | Build | Farm |
| 18:05 | Build | Farm |
| 18:06 | Build | Farm |
| 18:07 | Build | Farm |
| 18:08 | Build | Town Center |
| 18:16 | Create | Villager (Male) |
| 18:17 | Create | Villager (Male) |
| 18:40 | Build | Town Center |
| 18:47 | Create | Villager (Male) |
| 18:57 | Research | Bloodlines |
| 19:20 | Create | Steppe Lancer |
| 19:35 | Create | Villager (Male) |
| 19:42 | Build | Farm |
| 20:37 | Create | Villager (Male) |
| 20:37 | Create | Villager (Male) |
| 21:03 | Research | Double-Bit Axe |
| 21:59 | Research | Horse Collar |
| 21:59 | Research | Horse Collar |
| 22:36 | Create | Steppe Lancer |
| 22:37 | Create | Steppe Lancer |
| 22:49 | Build | Farm |
| 22:51 | Build | Farm |
| 22:52 | Build | Farm |
| 22:54 | Build | Farm |
| 22:56 | Build | Farm |
| 23:02 | Build | Mill |
| 23:03 | Build | Farm |
| 23:12 | Research | Bow Saw |
| 23:43 | Create | Villager (Male) |
| 23:46 | Create | Villager (Male) |
| 24:07 | Create | Steppe Lancer |
| 24:17 | Create | Villager (Male) |
| 24:18 | Create | Villager (Male) |
| 24:32 | Create | Steppe Lancer |
| 24:48 | Create | Steppe Lancer |
| 24:53 | Create | Villager (Male) |
| 24:53 | Create | Villager (Male) |
| 25:00 | Build | House |
| 25:12 | Create | Villager (Male) |
| 25:12 | Create | Villager (Male) |
| 25:20 | Build | House |
| 25:21 | Build | House |
| 25:22 | Build | House |
| 25:30 | Create | Steppe Lancer |
| 25:39 | Create | Villager (Male) |
| 25:39 | Create | Villager (Male) |
| 25:54 | Research | Heavy Plow |
| 26:11 | Create | Steppe Lancer |
| 26:23 | Build | House |
| 26:24 | Build | House |
| 26:32 | Create | Villager (Male) |
| 26:32 | Create | Villager (Male) |
| 27:02 | Research | Wheelbarrow |
| 27:12 | Build | Stable |
| 27:15 | Build | House |
| 27:16 | Build | House |
| 27:21 | Create | Steppe Lancer |
| 27:25 | Create | Steppe Lancer |
| 27:53 | Research | Scale Barding Armor |
| 28:09 | Create | Steppe Lancer |
| 28:22 | Build | House |
| 28:23 | Build | House |
| 28:31 | Create | Steppe Lancer |
| 28:31 | Create | Steppe Lancer |
| 29:10 | Create | Steppe Lancer |
| 29:10 | Create | Steppe Lancer |
| 29:11 | Create | Steppe Lancer |
| 29:23 | Create | Steppe Lancer |
| 29:23 | Create | Steppe Lancer |
| 29:34 | Create | Steppe Lancer |
| 30:19 | Research | Iron Casting |
| 30:23 | Create | Steppe Lancer |
| 30:24 | Create | Steppe Lancer |
| 30:32 | Build | Town Center |
| 30:37 | Build | Farm |
| 30:39 | Build | Farm |
| 30:40 | Build | Farm |
| 30:41 | Build | Farm |
| 30:41 | Build | Farm |
| 30:44 | Build | Farm |
| 30:54 | Create | Villager (Male) |
| 30:58 | Create | Steppe Lancer |
| 30:59 | Create | Steppe Lancer |
| 30:59 | Create | Steppe Lancer |
| 31:11 | Build | House |
| 31:11 | Build | House |
| 31:12 | Build | House |
| 31:12 | Build | House |
| 32:44 | Create | Villager (Male) ×5 |
| 32:49 | Create | Villager (Male) |
| 32:50 | Create | Villager (Male) |
| 32:50 | Create | Villager (Male) |
| 32:50 | Create | Villager (Male) |
| 32:50 | Create | Villager (Male) |
| 32:51 | Create | Villager (Male) |
| 32:54 | Create | Steppe Lancer |
Build order — santa7785
First 150 of 425 actions detected
| 0:01 | Create | Villager (Male) |
| 0:01 | Create | Villager (Male) |
| 0:01 | Create | Villager (Male) |
| 0:02 | Create | Villager (Male) |
| 0:02 | Create | Villager (Male) |
| 0:03 | Build | House |
| 0:06 | Build | House |
| 1:37 | Create | Villager (Male) |
| 1:51 | Build | Lumber Camp |
| 2:00 | Create | Villager (Male) |
| 2:00 | Create | Villager (Male) |
| 2:21 | Create | Villager (Male) |
| 2:22 | Create | Villager (Male) |
| 2:35 | Build | House |
| 2:36 | Build | House |
| 2:46 | Create | Villager (Male) |
| 3:02 | Create | Villager (Male) |
| 4:15 | Create | Villager (Male) |
| 4:16 | Create | Villager (Male) |
| 4:23 | Create | Villager (Male) |
| 4:23 | Create | Villager (Male) |
| 4:59 | Create | Villager (Male) |
| 4:59 | Create | Villager (Male) |
| 5:10 | Build | Mill |
| 5:16 | Create | Villager (Male) |
| 5:17 | Create | Villager (Male) |
| 5:44 | Create | Villager (Male) |
| 5:44 | Create | Villager (Male) |
| 5:45 | Create | Villager (Male) |
| 5:45 | Create | Villager (Male) |
| 6:04 | Create | Villager (Male) |
| 6:04 | Create | Villager (Male) |
| 6:21 | Research | Loom |
| 8:02 | Research | Feudal Age |
| 8:15 | Build | Barracks |
| 8:20 | Build | House |
| 9:01 | Build | Lumber Camp |
| 9:26 | Build | House |
| 10:00 | Create | Villager (Male) |
| 10:00 | Create | Villager (Male) |
| 10:12 | Age | Feudal Age |
| 10:13 | Create | Villager (Male) |
| 10:17 | Research | Double-Bit Axe |
| 10:39 | Create | Villager (Male) |
| 10:50 | Build | Archery Range |
| 10:55 | Create | Villager (Male) |
| 11:07 | Build | Mining Camp |
| 11:22 | Create | Spearman |
| 11:32 | Create | Archer |
| 11:32 | Create | Archer |
| 11:41 | Build | Palisade Wall |
| 11:45 | Create | Villager (Male) |
| 12:21 | Create | Villager (Male) |
| 12:31 | Create | Archer |
| 12:31 | Create | Archer |
| 12:31 | Create | Archer |
| 12:50 | Build | Blacksmith |
| 12:53 | Build | House |
| 12:55 | Create | Villager (Male) |
| 13:07 | Create | Spearman |
| 13:22 | Create | Archer |
| 13:45 | Build | Palisade Wall |
| 13:47 | Create | Villager (Male) |
| 13:48 | Create | Villager (Male) |
| 13:55 | Build | Farm |
| 13:56 | Build | Farm |
| 14:01 | Build | Farm |
| 14:04 | Build | Farm |
| 14:06 | Build | Farm |
| 14:07 | Build | Farm |
| 14:08 | Build | Farm |
| 14:21 | Create | Archer |
| 14:21 | Create | Archer |
| 14:36 | Build | Farm |
| 14:38 | Create | Villager (Male) |
| 15:03 | Create | Villager (Male) |
| 15:04 | Create | Villager (Male) |
| 15:12 | Build | Farm |
| 15:20 | Build | House |
| 15:22 | Build | House |
| 15:24 | Build | House |
| 15:32 | Create | Villager (Male) |
| 15:40 | Research | Fletching |
| 16:14 | Create | Villager (Male) |
| 16:24 | Build | Market |
| 16:40 | Create | Villager (Male) |
| 16:45 | Build | Farm |
| 16:51 | Build | Farm |
| 17:27 | Create | Spearman |
| 17:27 | Create | Spearman |
| 17:56 | Create | Villager (Male) |
| 18:03 | Research | Castle Age |
| 18:16 | Build | Stone Wall |
| 18:20 | Build | Stone Wall |
| 18:39 | Create | Archer |
| 18:40 | Create | Archer |
| 18:40 | Create | Archer |
| 18:44 | Research | Padded Archer Armor |
| 18:46 | Create | Spearman |
| 18:46 | Create | Spearman |
| 19:11 | Build | Farm |
| 19:13 | Build | Farm |
| 19:15 | Build | Farm |
| 19:33 | Create | Spearman |
| 19:33 | Create | Spearman |
| 19:37 | Research | Scale Mail Armor |
| 19:59 | Create | Spearman |
| 19:59 | Create | Spearman |
| 20:14 | Research | Horse Collar |
| 20:19 | Create | Archer |
| 20:19 | Create | Archer |
| 20:20 | Create | Archer |
| 20:29 | Build | Farm |
| 20:30 | Build | Farm |
| 20:31 | Build | Farm |
| 20:43 | Age | Castle Age |
| 20:48 | Create | Villager (Male) |
| 20:48 | Create | Villager (Male) |
| 21:11 | Build | House |
| 21:13 | Build | House |
| 21:14 | Build | House |
| 22:14 | Build | Town Center |
| 22:24 | Create | Villager (Male) |
| 22:24 | Create | Villager (Male) |
| 22:25 | Create | Villager (Male) |
| 22:25 | Create | Villager (Male) |
| 23:11 | Create | Spearman |
| 23:42 | Research | Pikeman (upgrade) |
| 23:43 | Research | Squires |
| 23:54 | Build | Farm |
| 23:54 | Build | Farm |
| 23:55 | Build | Farm |
| 23:55 | Build | Farm |
| 23:55 | Build | Farm |
| 24:11 | Create | Archer |
| 24:12 | Create | Archer |
| 24:36 | Build | Mining Camp |
| 24:39 | Create | Villager (Male) |
| 24:40 | Create | Villager (Male) |
| 24:40 | Create | Villager (Male) |
| 24:41 | Create | Villager (Male) |
| 24:48 | Create | Spearman |
| 24:55 | Create | Archer |
| 24:55 | Create | Archer |
| 25:10 | Build | Farm |
| 25:17 | Research | Crossbowman (upgrade) |
| 25:26 | Create | Spearman |
| 25:36 | Build | Farm |
| 25:41 | Research | Town Watch |
| 25:44 | Create | Villager (Male) |
Match timeline
| 8:15 | santa7785 · first_building Barracks |
| 9:29 | Shaci · first_building Barracks |
| 9:51 | Shaci · wall_segment Palisade Wall x10 |
| 9:54 | Shaci · age_up feudal |
| 10:12 | santa7785 · age_up feudal |
| 10:50 | santa7785 · first_building Archery Range |
| 10:53 | Shaci · first_building Stable |
| 11:41 | santa7785 · wall_segment Palisade Wall x6 |
| 13:45 | santa7785 · wall_segment Palisade Wall x13 |
| 15:22 | Shaci · age_up castle |
| 17:33 | santa7785 · first_market_sell 100 wood |
| 17:34 | santa7785 · first_market_buy 100 food |
| 18:16 | santa7785 · wall_segment Stone Wall x3 |
| 18:20 | santa7785 · wall_segment Stone Wall x17 |
| 20:43 | santa7785 · age_up castle |
| 27:53 | santa7785 · first_building Castle |
| 35:21 | santa7785 · first_building Monastery |
| 38:15 | santa7785 · age_up imperial |
| 38:34 | Shaci · first_building Siege Workshop |
| 44:34 | Shaci · first_building Monastery |
| 48:43 | Shaci · age_up imperial |
| 49:13 | Shaci · first_building Castle |
| 53:01 | santa7785 · resign |
[ AI ANALYSIS · 1 CREDIT ]
What really happened in this match?
Wolo.gg analyzes every decision: build order, eco, micro, common mistakes by bracket. Personalized analysis on WhatsApp or Discord in 30 seconds.
Civ guide
Mongols
Map guide
Arabia
Perfil
Jugador #4635702